 Dungeon Crawl Stone Soup version 0.30.0-18-gc0e69614cb (webtiles) character file.

Game seed: 5529259036378570517

138 olmar the Covert (level 5, -1/47 HPs)
             Began as a Gnoll Delver on May 24, 2023.
             Slain by an ice beast (14 damage)
             ... on level 3 of the Dungeon.
             The game lasted 00:03:11 (2253 turns).

olmar the Covert (Gnoll Delver)                     Turns: 2253, Time: 00:03:11

Health: -1/47      AC:  3    Str: 11    XL:     5   Next: 21%
Magic:  7/7        EV: 13    Int: 11    God:
Gold:   115        SH:  0    Dex: 14    Spells: 6/6 levels left

rFire   . . .        a - +0 mace
rCold   . . .        (no shield)
rNeg    . . .        b - +0 leather armour
rPois   .            (no helmet)
rElec   .            (no cloak)
rCorr   .            (no gloves)
SInv    .            (no boots)
Will    .....        (no amulet)
Stlth   ++++         (no ring)
HPRegen 0.27/turn    (no ring)
MPRegen 0.10/turn

%: no passive effects
@: no status effects
A: fangs 1, strong nose, distributed training
a: no special abilities


You were on level 3 of the Dungeon.
You visited 2 branches of the dungeon, and saw 6 of its levels.

You collected 115 gold pieces.

Inventory:

Hand Weapons
 a - a +0 mace (weapon)
Armour
 b - a +0 leather armour (worn)
Wands
 g - a wand of digging (3)
Scrolls
 c - a scroll of fog
 d - a scroll of magic mapping
 e - a scroll of fear
 j - a scroll of teleportation
Potions
 f - 2 potions of haste
 i - a potion of curing {unknown}
 k - a potion of lignification {unknown}
 m - a potion of brilliance {unknown}
 n - a potion of invisibility {unknown}
 o - a potion of cancellation {unknown}
 p - a potion of ambrosia {unknown}


   Skills:
 + Level 6.7 Fighting
 + Level 1.4 Short Blades
 + Level 1.4 Long Blades
 + Level 1.4 Axes
 + Level 4.8 Maces & Flails
 + Level 1.4 Polearms
 + Level 1.4 Staves
 + Level 1.4 Ranged Weapons
 + Level 1.4 Throwing
 + Level 1.4 Armour
 + Level 4.8 Dodging
 + Level 9.7 Stealth
 + Level 1.4 Shields
 + Level 1.4 Unarmed Combat
 + Level 1.4 Spellcasting
 + Level 1.1 Conjurations
 + Level 1.1 Hexes
 + Level 1.1 Summonings
 + Level 1.1 Necromancy
 + Level 1.1 Translocations
 + Level 1.1 Transmutations
 + Level 1.1 Fire Magic
 + Level 1.1 Ice Magic
 + Level 1.1 Air Magic
 + Level 1.1 Earth Magic
 + Level 1.1 Poison Magic
 + Level 1.6 Invocations
 + Level 1.4 Evocations


You had 6 spell levels left.
You didn't know any spells.
Your spell library contained the following spells:

 Spells                   Type           Power      Damage    Failure   Level
 Sting                    Tmut/Pois      12%        1d3       26%         1
 Blink                    Tloc           6%         N/A       36%         2
 Ensorcelled Hibernation  Hex/Ice        6%         N/A       36%         2
 Lesser Beckoning         Tloc           6%         N/A       36%         2
 Momentum Strike          Conj/Tloc      6%         3d8       36%         2
 Poisonous Vapours        Pois/Air       6%         N/A       36%         2
 Spider Form              Tmut/Pois      3%         N/A       58%         3
 Stone Arrow              Conj/Erth      6%         3d7       58%         3
 Anguish                  Hex/Necr       1%         N/A       94%         4
 Animate Armour           Summ/Erth      6%         N/A       94%         4
 Olgreb's Toxic Radiance  Pois           3%         N/A       94%         4
 Lehudib's Crystal Spear  Conj/Erth      1%         10d2      100%        8


Dungeon Overview and Level Annotations

Branches:
Dungeon (5/15)             Temple (1/1) D:4

Altars:
Cheibriados
Fedhas
Hepliaklqana
Kikubaaqudgha
Makhleb
Nemelex Xobeh
Okawaru
Qazlal
Ru
Sif Muna
Trog
Uskayaw
Vehumet
Xom
Yredelemnul
Zin

Annotations:
D:5 2 transporters


Innate Abilities, Weirdness & Mutations

You have very sharp teeth.
Your uncanny sense of smell can sniff out nearby items.
Your experience applies equally to all skills.


Message History

You barely miss the ice beast.
The ice beast is heavily wounded.
The ice beast closely misses you.
Unknown command.
You hit the ice beast.
The ice beast is severely wounded.
The ice beast hits you. The ice beast freezes you!
Unknown command.
Unknown command.
You are too injured to fight recklessly!
Unknown command.
You are too injured to fight recklessly!
Unknown command.
You are too injured to fight recklessly!
You feel much better.
The ice beast hits you but does no damage.
You barely miss the ice beast.
The ice beast is severely wounded.
The ice beast closely misses you. The ice beast barely misses you.
Unknown command.
Unknown command.
You completely miss the ice beast.
The ice beast is severely wounded.
The ice beast hits you. The ice beast freezes you!
You closely miss the ice beast.
The ice beast is severely wounded.
The ice beast hits you. The ice beast freezes you!
Unknown command.
You are too injured to fight recklessly!
Unknown command.
Unknown command.
You are too injured to fight recklessly!
Unknown command.
You are too injured to fight recklessly!
You hit the ice beast.
The ice beast is almost dead.
The ice beast hits you.
* * * LOW HITPOINT WARNING * * *
The ice beast freezes you!
You die...

##.###.## ####
##.).##..######
##+##)))..+........
##...##...##........
##.....##.##.........
+.......''#^.........
##.....##.##.........
##...##...##........
##@##.....+........
#..Y##...##........
#.....##.##.........
#.......#+# ##.....##
∆ ##...## ##+##


You could see an ice beast.

Vanquished Creatures
  5 adders
  2 dart slugs
  8 orcs
  11 endoplasms
  2 giant cockroaches (D:1)
  6 goblins
  3 hobgoblins
  3 jackals (D:1)
  2 quokkas
  4 ball pythons
  7 bats
  4 frilled lizards
  3 kobolds
  22 rats
82 creatures vanquished.

Notes
Turn   | Place    | Note
-------+----------+-------------------------------------------
     0 | D:5      | Reached skill level 9 in Stealth
     0 | D:5      | olmar the Gnoll Delver began the quest for the Orb.
     0 | D:5      | Reached XP level 1. HP: 23/23 MP: 1/1
     4 | D:5      | Noticed a sleepcap
    19 | D:4      | Found a staircase to the Ecumenical Temple.
    54 | Temple   | Entered the Ecumenical Temple
    54 | Temple   | Found a transporter.
    54 | Temple   | Found a transporter.
    56 | Temple   | Found a transporter.
    56 | Temple   | Found a transporter.
   125 | D:4      | Reached XP level 2. HP: 29/29 MP: 2/2
   137 | D:4      | Noticed a scorpion
   255 | D:3      | Reached XP level 3. HP: 29/35 MP: 3/3
   477 | D:2      | Reached skill level 1 in Invocations
   537 | D:2      | Reached skill level 1 in Short Blades
   537 | D:2      | Reached skill level 1 in Long Blades
   537 | D:2      | Reached skill level 1 in Axes
   537 | D:2      | Reached skill level 1 in Polearms
   537 | D:2      | Reached skill level 1 in Staves
   537 | D:2      | Reached skill level 1 in Ranged Weapons
   537 | D:2      | Reached skill level 1 in Throwing
   537 | D:2      | Reached skill level 1 in Armour
   537 | D:2      | Reached skill level 1 in Shields
   537 | D:2      | Reached skill level 1 in Unarmed Combat
   537 | D:2      | Reached skill level 1 in Spellcasting
   537 | D:2      | Reached skill level 1 in Evocations
   644 | D:2      | Reached XP level 4. HP: 41/41 MP: 5/5
   805 | D:2      | Reached skill level 1 in Conjurations
   805 | D:2      | Reached skill level 1 in Hexes
   805 | D:2      | Reached skill level 1 in Summonings
   805 | D:2      | Reached skill level 1 in Necromancy
   805 | D:2      | Reached skill level 1 in Translocations
   805 | D:2      | Reached skill level 1 in Transmutations
   805 | D:2      | Reached skill level 1 in Fire Magic
   805 | D:2      | Reached skill level 1 in Ice Magic
   805 | D:2      | Reached skill level 1 in Air Magic
   805 | D:2      | Reached skill level 1 in Earth Magic
   805 | D:2      | Reached skill level 1 in Poison Magic
  1892 | D:2      | Reached XP level 5. HP: 47/47 MP: 7/7
  2092 | D:3      | Found a shimmering altar of Xom.
  2238 | D:3      | Noticed an ice beast
  2253 | D:3      | Slain by an ice beast

Illustrated notes

Levels and vault maps discovered:
D:1:      heliophobic_arrival_enchanted_forest, layout_basic,
          minmay_misc_feat_columns, nrook_campfire, minmay_close_crescents
D:2:      layout_rooms, minmay_rat_hole
D:3:      layout_basic, dk_xom_monty_hall, nicolae_hexahallways,
          wander_ebering_terrifying_dragon_lair
D:4:      layout_cave_pools, minmay_temple_entry_purple_smoke,
          gup_sewer_entry_glass, minmay_shop_enchanted_jewellery,
          minmay_increasing_density
D:5:      layout_cave_pools, grunt_temple_overflow_open, gammafunk_ghost_hive
Temple:   hellmonk_temple_divided_pantheon

Skill      XL: |  1  2  3  4 |
---------------+-------------+-----
Stealth        | |  9.7
Invocations    | 1 |  1.6
Short Blades   | 1 |  1.4
Long Blades    | 1 |  1.4
Axes           | 1 |  1.4
Polearms       | 1 |  1.4
Staves         | 1 |  1.4
Ranged Weapons | 1 |  1.4
Throwing       | 1 |  1.4
Armour         | 1 |  1.4
Shields        | 1 |  1.4
Unarmed Combat | 1 |  1.4
Spellcasting   | 1 |  1.4
Evocations     | 1 |  1.4
Conjurations   | 1 |  1.1
Hexes          | 1 |  1.1
Summonings     | 1 |  1.1
Necromancy     | 1 |  1.1
Translocations | 1 |  1.1
Transmutations | 1 |  1.1
Fire Magic     | 1 |  1.1
Ice Magic      | 1 |  1.1
Air Magic      | 1 |  1.1
Earth Magic    | 1 |  1.1
Poison Magic   | 1 |  1.1
Fighting       | |  6.7
Maces & Flails | |  4.8
Dodging        | |  4.8

Action                     |  1- 3 |  4- 6 || total
---------------------------+-------+-------++-------
  Melee: Mace              |    46 |   152 ||   198
         Bite              |     2 |    10 ||    12
         Punch             |       |     4 ||     4
    Use: Scroll            |     1 |     1 ||     2
         Potion            |       |     1 ||     1
   Stab: Sleeping          |     3 |    18 ||    21
 Armour: Leather armour    |    13 |    49 ||    62
  Dodge: Dodged            |    24 |   130 ||   154
